 Dungeon Crawl Stone Soup version 0.29.0-5-ge4962eb29e (webtiles) character file.

Game seed: 15058183830600733636

459 gelatine the Shooter (level 6, 0/46 HPs)
             Began as a Demonspawn Hunter on Aug 28, 2022.
             Slain by an orc wizard
             ... wielding a +0 dagger
              (2 damage)
             ... on level 3 of the Dungeon.
             The game lasted 00:07:35 (3024 turns).

gelatine the Shooter (Demonspawn Hunter)            Turns: 3024, Time: 00:07:36

Health: 0/46       AC:  6    Str: 11    XL:     6   Next: 78%
Magic:  6/6        EV: 12    Int: 11    God:
Gold:   42         SH:  0    Dex: 18    Spells: 5/5 levels left

rFire   . . .      SeeInvis .   h - +0 shortbow (freeze)
rCold   . . .      Faith    .   (shield currently unavailable)
rNeg    . . .      Spirit   .   c - +0 leather armour
rPois   +          Reflect  .   (no helmet)
rElec   .          Harm     .   f - +0 cloak
rCorr   .          Rampage  .   (no gloves)
Will    .....                   (no boots)
Stlth   ++........              (no amulet)
HPRegen 0.15/turn               v - ring of poison resistance
MPRegen 0.10/turn               (no ring)

@: about to teleport
A: hooves 1, yellow scales 1, condensation shield
a: no special abilities


You were on level 3 of the Dungeon.
You visited 1 branch of the dungeon, and saw 3 of its levels.

You collected 62 gold pieces.
You spent 20 gold pieces at shops.

Inventory:

Hand Weapons
 a - a +0 shortbow
 h - a +0 shortbow of freezing (weapon)
 j - a +0 club
 n - a +0 dagger
 t - a +1 vorpal flail
Missiles
 q - 2 boomerangs
Armour
 c - a +0 leather armour (worn)
 f - a +0 cloak (worn)
 g - a +0 ring mail
Magical Staves
 p - a staff of death
Jewellery
 v - a ring of poison resistance (left hand)
Wands
 u - a wand of flame (27)
Scrolls
 b - 2 scrolls of immolation
 d - 2 scrolls of butterflies
 e - 2 scrolls of blinking
 m - a scroll of magic mapping
Potions
 i - a potion of haste
 k - a potion of cancellation
 o - a potion of curing {unknown}
 r - a potion of berserk rage {unknown}
 s - a potion of heal wounds {unknown}


   Skills:
 + Level 2.9 Fighting
 + Level 6.2 Ranged Weapons
 + Level 2.1 Armour
 + Level 2.6 Dodging
 + Level 1.3 Stealth
 + Level 0.7 Shields


You had 5 spell levels left.
You didn't know any spells.
Your spell library contained the following spells:

 Spells                   Type           Power      Damage    Failure   Level
 Apportation              Tloc           0%         N/A       43%         1
 Foxfire                  Conj/Fire      0%         2x1d4     43%         1
 Necrotise                Necr           0%         1d4       43%         1
 Sandblast                Erth           0%         2d4       43%         1
 Summon Small Mammal      Summ           0%         N/A       43%         1
 Passwall                 Tmut/Erth      0%         N/A       56%         2
 Conjure Flame            Conj/Fire      0%         6-21      80%         3
 Inner Flame              Hex/Fire       0%         N/A       80%         3
 Stone Arrow              Conj/Erth      0%         3d7       80%         3
 Vampiric Draining        Necr           0%         2d6       80%         3
 Flame Wave               Conj/Fire      0%         2d4       99%         4
 Agony                    Necr           0%         N/A       100%        5


Dungeon Overview and Level Annotations

Branches:
Dungeon (3/15)

Altars:
Uskayaw
Wu Jian

Shops:
D:3 ?[

Annotations:
D:3 Grinder


Innate Abilities, Weirdness & Mutations

You have large cloven feet.
You are partially covered in yellow scales. (AC +2)
A meltable shield of frost defends you. (SH +0)


Message History

Something hits you but does no damage.
You shoot an arrow. The arrow hits the orc!
The arrow freezes the orc.
You kill the orc!
Grinder comes into view.
Something hits you.
You shoot an arrow. The arrow hits Grinder.
Grinder is lightly wounded.
Something hits you. Something hits you but does no damage.
You shoot an arrow. The arrow hits Grinder.
Grinder is lightly wounded.
Something hits you but does no damage.
You shoot an arrow. The arrow closely misses Grinder.
Grinder gestures at you.
You suddenly lose the ability to move!
Something hits you. Something hits you but does no damage.
Grinder gestures at you. Pain shoots through your body! Something hits you.
Grinder hits you but does no damage.
You hear some strange, mumbled words.
A puff of flame appears from out of thin air!
The puff of flame hits you!
Your condensation shield dissipates!
You can move again.
As you read the scroll of teleportation, it crumbles to dust.
You feel strangely unstable. Grinder hits you but does no damage.
You hear some strange, mumbled words.
Something tries to affect you, but you resist.
Okay, then.
Fire: h) +0 shortbow (freeze)
Press: ? - help, Q - select action, (/) - cycle Shift-Dir - straight line, p - Grinder You shoot an arrow.
Grinder closely misses you. Something hits you but does no damage.
Fire: h) +0 shortbow (freeze)
Press: ? - help, Q - select action, (/) - cycle Shift-Dir - straight line You shoot an arrow.
Grinder hits you!
* * * LOW HITPOINT WARNING * * *
You writhe in agony.
* * * LOW HITPOINT WARNING * * *
Something hits you.
You die...

##.# #.####.# #...# #..# #.# #.#
#...#+# #.## #.####.###.....# #
#. #.# #.............## #. #.#
#.# ######.##)##..### #.##(# #.#
#####............. #..#.# #.#
#............#####. ....# #.#
#.##..#.5#####... #..# #.#
#.##..#..@{).)._. +..## #.#
#.##..##.#####...#####.... #.#
#.##..##.....#####......##
#.######.##..###........:......#
#...............###...........[##
###########.####.#...............
#.#####.##...##.....###
#...........####...##
############# #####


You could see Grinder.

Vanquished Creatures
  Sigmund (D:3)
  A black bear (D:3)
  An orc priest (D:3)
  An iguana (D:2)
  Terence (D:3)
  5 adders
  4 worms
  3 dart slugs (D:2)
  6 orcs
  5 ball pythons
  3 bats (D:1)
  3 endoplasms
  3 giant cockroaches
  7 hobgoblins
  7 jackals
  3 kobolds
  2 quokkas
  2 frilled lizards
  4 goblins
  3 rats
65 creatures vanquished.

Notes
Turn   | Place    | Note
-------+----------+-------------------------------------------
     0 | D:1      | gelatine the Demonspawn Hunter began the quest for the Orb.
     0 | D:1      | Reached XP level 1. HP: 16/16 MP: 1/1
   263 | D:1      | Gained mutation: You have large cloven feet. [demonic
                  | ancestry]
   263 | D:1      | Reached XP level 2. HP: 22/22 MP: 2/2
   457 | D:1      | Reached skill level 4 in Ranged Weapons
   548 | D:1      | Found a faded altar of an unknown god.
  1124 | D:2      | Reached XP level 3. HP: 27/27 MP: 3/3
  1358 | D:2      | Reached skill level 1 in Stealth
  1492 | D:2      | Reached XP level 4. HP: 33/33 MP: 4/4
  1903 | D:2      | Reached skill level 5 in Ranged Weapons
  2083 | D:2      | Identified a scroll of acquirement
  2083 | D:2      | Acquired a +0 shortbow of freezing
  2161 | D:3      | Gained mutation: A meltable shield of frost defends you.
                  | (SH +0) [demonic ancestry]
  2161 | D:3      | Reached XP level 5. HP: 31/39 MP: 5/5
  2447 | D:3      | Found an ornate altar of the Wu Jian Council.
  2497 | D:3      | Found Ofecvijo's Antique Armour Boutique.
  2522 | D:3      | Found Wusho's Magic Scroll Emporium.
  2526 | D:3      | Bought a scroll of identify for 20 gold pieces
  2529 | D:3      | Noticed Sigmund
  2534 | D:3      | Killed Sigmund
  2535 | D:3      | Reached skill level 1 in Armour
  2535 | D:3      | Gained mutation: You are partially covered in yellow
                  | scales. (AC +2) [demonic ancestry]
  2535 | D:3      | Reached XP level 6. HP: 19/46 MP: 6/6
  2742 | D:3      | Noticed Terence
  2747 | D:3      | Killed Terence
  2748 | D:3      | Reached skill level 6 in Ranged Weapons
  3003 | D:3      | Found a hide-covered altar of Uskayaw.
  3015 | D:3      | Noticed Grinder
  3018 | D:3      | Paralysed by Grinder for 4 turns
  3024 | D:3      | HP: 2/46 [Grinder (6)]
  3024 | D:3      | Slain by an orc wizard

Illustrated notes

Levels and vault maps discovered:
D:1:      minmay_arrival_plants_in_alcoves, layout_loops_corners,
          ebering_ecumenical_altar_hall, st_stairs_5
D:2:      layout_basic
D:3:      layout_loops_ring, mainiacjoe_overflow_surrounded_room,
          nicolae_ru_great_annihilating_truth, minitemple,
          mainiacjoe_overflow_paths, serial_shops, nicolae_shop_behind_doors,
          nicolae_shop_hallway_stairs, shop, hex_large, uniq_natasha,
          uniq_jessica, uniq_terence, uniq_grinder, uniq_sigmund

Skill      XL: |  1  2  3  4  5  6 |
---------------+-------------------+-----
Ranged Weapons | 4 5 6 |  6.2
Dodging        | 2 |  2.6
Stealth        | 1 |  1.3
Armour         | 1 2 |  2.1
Fighting       | |  2.9
Shields        | |  0.7

Action                   |  1- 3 |  4- 6 || total
-------------------------+-------+-------++-------
 Fire: Shortbow          |   103 |    95 ||   198
  Use: Scroll            |       |     9 ||     9
Armor: Leather armour    |    14 |    20 ||    34
Dodge: Dodged            |    28 |    43 ||    71
Block: Other             |       |     6 ||     6
